[Event "Titled Tuesday Blitz August 08 Early 2023"]
[White "Kleiman, Jake"]
[Black "arenal72"]
[WhiteFideId "2020041"]
[WhiteElo "2655"]
[BlackElo "2500"]
[Result "0-1"]
[Round "9"]
[TimeControl "180+1"]
[Date "2023.08.08"]
[WhiteClock "0:00:05"]
[BlackClock "0:00:14"]
[Board "58"]

1. e4 Nc6 2. Nf3 d6 3. d4 Nf6 4. Nc3 g6 5. h3 Bg7 6. Be2 O-O 7. Be3 a6 8. a4 e5 9. dxe5 Nxe5 10. O-O Qe7 11. Qc1 a5 12. Bh6 c6 13. Bxg7 Kxg7 14. Qe3 Be6 15. Rad1 Qc7 16. Nd4 Bc4 17. f4 Bxe2 18. fxe5 Bxf1 19. exf6+ Kxf6 20. Rxf1+ Kg7 21. Qg5 Qd8 22. Qg3 Kh8 23. Nf3 Qe7 24. Rd1 Rad8 25. h4 f5 26. exf5 Qe3+ 27. Kh2 Rxf5 28. Nd4 Qxg3+ 29. Kxg3 Re5 30. Nf3 Re7 31. Rd2 d5 32. Ne2 Rde8 33. Nf4 Kg7 34. Nd3 b6 35. c3 Re4 36. b3 h6 37. Nf4 Kf6 38. Nd4 g5 39. hxg5+ hxg5 40. Nd3 Re3+ 41. Kf2 c5 42. Nb5 g4 43. Nc7 g3+ 44. Kf1 Rd8 45. Nf4 Ke5 46. Ncxd5 Re4 47. Re2 Rxd5 48. Nxd5 Kxd5 49. Rxe4 Kxe4 50. Ke2 Kf4 51. Kd3 Ke5 52. Ke3 Kd5 53. Kf3 c4 54. bxc4+ Kxc4 55. Kxg3 b5 56. axb5 Kxb5 57. Kf4 a4 58. g4 a3 59. g5 a2 60. g6 a1=Q 61. g7 Qa8 62. Ke5 Qg8 63. Kf6 Kc4 0-1


[Site "https://www.chess.com"]

[Event "Titled Tuesday Blitz August 08 Early 2023"]
[White "Rodchenkov, Sergey D."]
[Black "Freitag, Manfred"]
[WhiteFideId "4168712"]
[BlackFideId "1602004"]
[WhiteElo "2496"]
[BlackElo "2642"]
[Result "0-1"]
[Round "9"]
[TimeControl "180+1"]
[Date "2023.08.08"]
[WhiteClock "0:00:20"]
[BlackClock "0:00:09"]
[Board "59"]

1. e4 c6 2. d4 d5 3. exd5 cxd5 4. Bd3 Nc6 5. c3 Qc7 6. h3 g6 7. Ne2 Bf5 8. Bxf5 gxf5 9. Bf4 Qd7 10. Nd2 Nf6 11. Nf3 Rg8 12. Ng3 Ne4 13. Ne5 Nxe5 14. Bxe5 e6 15. Nh5 Be7 16. f3 Nd6 17. O-O O-O-O 18. Kh1 Nc4 19. f4 Rg6 20. Qe2 Rdg8 21. Rf2 a6 22. b3 Nd6 23. c4 Ne4 24. Rf3 f6 25. cxd5 fxe5 26. dxe6 Qxd4 27. Rd1 Qb6 28. g4 fxg4 29. Rff1 Rh6 30. Qxe4 Rxh5 31. Rd3 Qxe6 32. f5 Qc6 33. Qxc6+ bxc6 34. f6 Bc5 35. Rc3 e4 36. f7 Rf8 37. Kh2 Rxh3+ 38. Rxh3 gxh3 39. Kxh3 Kd7 40. Rc1 Bd6 41. Rc4 Rxf7 42. Rxe4 Re7 43. Rh4 Re2 44. Rxh7+ Be7 45. Rh4 Rxa2 46. Rc4 Ra5 47. Rd4+ Bd6 48. Rf4 Rb5 49. Rg4 Rxb3+ 50. Kg2 Rb4 51. Kf1 Rxg4 0-1


[Site "https://www.chess.com"]

[Event "Titled Tuesday Blitz August 08 Early 2023"]
[White "Ovchinnikov, Vsevolod"]
[Black "Wong, Zhenyong Jayden"]
[WhiteFideId "24176842"]
[BlackFideId "5821975"]
[WhiteElo "2638"]
[BlackElo "2483"]
[Result "1-0"]
[Round "9"]
[TimeControl "180+1"]
[Date "2023.08.08"]
[WhiteClock "0:01:02"]
[BlackClock "0:01:52"]
[Board "60"]

1. d4 g6 2. Nf3 Bg7 3. g3 b6 4. Bg2 Bb7 5. O-O Nf6 6. b3 O-O 7. Bb2 c5 8. c4 cxd4 9. Nxd4 Bxg2 10. Kxg2 d5 11. Nd2 Re8 12. cxd5 Qxd5+ 13. N4f3 Nc6 14. Nc4 Red8 15. Qxd5 Nxd5 16. Bxg7 Kxg7 17. Rfc1 Rac8 18. a3 b5 19. Ncd2 a6 20. Rc5 e6 21. Rac1 Nce7 22. Ne4 Rxc5 23. Nxc5 a5 24. Nb7 b4 25. Nxd8 1-0


[Site "https://www.chess.com"]

[Event "Titled Tuesday Blitz August 08 Early 2023"]
[White "Reprintsev, Alexander"]
[Black "Saya, Ethan"]
[WhiteFideId "14100541"]
[BlackFideId "26095181"]
[WhiteElo "2494"]
[BlackElo "2635"]
[Result "1/2-1/2"]
[Round "9"]
[TimeControl "180+1"]
[Date "2023.08.08"]
[WhiteClock "0:00:20"]
[BlackClock "0:00:04"]
[Board "61"]

1. e4 e6 2. d4 d5 3. Nc3 Nf6 4. Bg5 dxe4 5. Nxe4 Be7 6. Nxf6+ Bxf6 7. Bxf6 Qxf6 8. Nf3 c5 9. Bb5+ Bd7 10. a4 O-O 11. O-O a6 12. Bxd7 Nxd7 13. c3 Rfd8 14. Qb3 Rab8 15. Rad1 cxd4 16. Rxd4 Nc5 17. Qc4 Qe7 18. Rfd1 Rxd4 19. Qxd4 h6 20. h3 Rc8 21. a5 Rc7 22. Ne5 f6 23. Ng6 Qd7 24. Qg4 Qe8 25. b4 Na4 26. Nf4 Nxc3 27. Nxe6 Nxd1 28. Nxc7 Qe1+ 29. Kh2 Qe5+ 30. Qg3 Nxf2 31. Qxe5 fxe5 32. Ne8 Nd3 33. Nd6 Nxb4 34. Nxb7 Nc6 35. Nc5 Kf7 36. Nxa6 Nxa5 37. Kg3 Ke6 38. Nc5+ Kf5 39. Kf3 Nc4 40. g4+ Kf6 41. Ke4 Nd2+ 42. Ke3 Nc4+ 43. Ke4 Nd2+ 44. Ke3 Nf1+ 45. Kf2 Nd2 46. Ke3 1/2-1/2


[Site "https://www.chess.com"]

[Event "Titled Tuesday Blitz August 08 Early 2023"]
[White "Devaev, Alexander"]
[Black "Erzhanov, Arman"]
[WhiteFideId "4169395"]
[BlackFideId "4138821"]
[WhiteElo "2473"]
[BlackElo "2633"]
[Result "0-1"]
[Round "9"]
[TimeControl "180+1"]
[Date "2023.08.08"]
[WhiteClock "0:00:00"]
[BlackClock "0:00:31"]
[Board "62"]

1. Nf3 d6 2. d4 g6 3. c4 Bg7 4. e4 e5 5. d5 Nd7 6. Nc3 Ne7 7. h3 O-O 8. g4 f5 9. gxf5 gxf5 10. Rg1 Kh8 11. Be3 f4 12. Bd2 Nf6 13. Qc2 Ng6 14. O-O-O Bd7 15. Ng5 Qe7 16. Kb1 Rg8 17. Be2 Nh4 18. Rh1 Bh6 19. Nf3 Bg5 20. Rdf1 Nxf3 21. Bxf3 Bh4 22. Qd1 Rg7 23. Qe2 Rag8 24. b4 b6 25. Rc1 Ra8 26. Nd1 Rgg8 27. Nb2 h6 28. Nd3 Nh7 29. Bg4 Ng5 30. Ne1 Be8 31. Ng2 Nh7 32. Rcg1 Bf6 33. Ne1 a5 34. bxa5 bxa5 35. Nf3 Ba4 36. Ka1 Rgb8 37. Rc1 Nf8 38. Bc3 Nd7 39. Bxd7 Qxd7 40. c5 Bb5 41. Qd2 a4 42. c6 Qc8 43. Rhg1 Kh7 44. Rh1 Qa6 45. Ne1 Bc4 46. Ng2 Rf8 47. f3 a3 48. Rb1 Rab8 49. Rhc1 Bg7 50. Ne1 Qa4 51. Ng2 Rb5 52. Nh4 Rfb8 53. Rxb5 Qxb5 54. Nf5 Bf8 55. Qc2 Bd3 56. Qd2 Qb1+ 0-1


[Site "https://www.chess.com"]

[Event "Titled Tuesday Blitz August 08 Early 2023"]
[White "Garcia Ramos, Daniel"]
[Black "Mrudul Dehankar"]
[WhiteFideId "32010311"]
[BlackFideId "25096990"]
[WhiteElo "2630"]
[BlackElo "2468"]
[Result "1-0"]
[Round "9"]
[TimeControl "180+1"]
[Date "2023.08.08"]
[WhiteClock "0:02:37"]
[BlackClock "0:01:30"]
[Board "63"]

1. e4 c6 2. d4 d5 3. Nc3 dxe4 4. Nxe4 Bf5 5. Ng3 Bg6 6. N1e2 h6 7. Nf4 Bh7 8. Bc4 e6 9. O-O Nf6 10. Re1 Be7 11. Bxe6 fxe6 12. Nxe6 Qd5 13. Nc7+ 1-0


[Site "https://www.chess.com"]

[Event "Titled Tuesday Blitz August 08 Early 2023"]
[White "Jumanov, Elbek"]
[Black "Domingo Nunez, Ruben"]
[WhiteFideId "14202905"]
[BlackFideId "22245570"]
[WhiteElo "2451"]
[BlackElo "2629"]
[Result "0-1"]
[Round "9"]
[TimeControl "180+1"]
[Date "2023.08.08"]
[WhiteClock "0:00:02"]
[BlackClock "0:00:15"]
[Board "64"]

1. c4 g6 2. Nf3 Bg7 3. g3 d6 4. Nc3 Nf6 5. Bg2 O-O 6. O-O Nbd7 7. Rb1 c5 8. a3 Rb8 9. b4 b6 10. d3 Bb7 11. bxc5 dxc5 12. a4 Bc6 13. a5 bxa5 14. Ba3 Rb4 15. Bxb4 axb4 16. Na4 Qa5 17. Nb2 Ng4 18. Nd2 Bxg2 19. Kxg2 Qc7 20. Qa4 h5 21. Qa6 h4 22. Na4 Bd4 23. Ne4 Kg7 24. e3 Bxe3 25. fxe3 Nxe3+ 26. Kg1 Nxf1 27. Rxf1 hxg3 28. Nxg3 Qe5 29. Qc6 Rd8 30. Qe4 Qd6 31. Qf4 Ne5 32. Nb2 f5 33. Re1 Ng4 34. Qxd6 exd6 35. Re7+ Kf6 36. Re1 Ne5 37. Kg2 Rh8 38. Rf1 Rh4 39. h3 Rd4 40. Ne4+ Kg7 41. Ng5 Kh6 42. Nf3 Nxf3 43. Kxf3 Kg5 44. Rg1+ Kf6 45. Re1 Rh4 46. Kg3 Rd4 47. Re8 d5 48. Rd8 dxc4 49. Rxd4 c3 50. Rd6+ Ke7 51. Rxg6 cxb2 52. Rg7+ Kf6 53. Rxa7 b1=Q 0-1


[Site "https://www.chess.com"]

[Event "Titled Tuesday Blitz August 08 Early 2023"]
[White "Tregubov, Pavel V."]
[Black "Kukreja Sankalp"]
[WhiteFideId "4115341"]
[BlackFideId "45027676"]
[WhiteElo "2628"]
[BlackElo "2450"]
[Result "1-0"]
[Round "9"]
[TimeControl "180+1"]
[Date "2023.08.08"]
[WhiteClock "0:00:15"]
[BlackClock "0:00:05"]
[Board "65"]

1. e4 c5 2. Nf3 g6 3. c3 Bg7 4. d4 cxd4 5. cxd4 d5 6. e5 a6 7. Bd3 Nc6 8. Nbd2 Bg4 9. h3 Bxf3 10. Nxf3 e6 11. O-O Nge7 12. Bf4 O-O 13. Qd2 f6 14. Rfe1 Nf5 15. Bxf5 gxf5 16. Re2 Qd7 17. Rae1 Rae8 18. exf6 Bxf6 19. b4 Kh8 20. a4 b5 21. axb5 axb5 22. Qc3 Rc8 23. Qd2 Rfe8 24. Ne5 Nxe5 25. Bxe5 Bxe5 26. Rxe5 Qf7 27. Qe2 Rc4 28. Rxd5 Rxb4 29. Rd6 Qf6 30. Qd3 Rg8 31. Rexe6 Qg5 32. Qf3 Rb3 33. Re3 Rxe3 34. fxe3 Rb8 35. Rd5 b4 36. Rxf5 Qg7 37. Qf4 b3 38. Qxb8+ Qg8 39. Qe5+ 1-0


[Site "https://www.chess.com"]

[Event "Titled Tuesday Blitz August 08 Early 2023"]
[White "Sharavdorj, Dashzegve"]
[Black "Escudero Donoso, Felipe"]
[WhiteFideId "4900340"]
[BlackFideId "3410595"]
[WhiteElo "2622"]
[BlackElo "2446"]
[Result "1-0"]
[Round "9"]
[TimeControl "180+1"]
[Date "2023.08.08"]
[WhiteClock "0:01:30"]
[BlackClock "0:00:03"]
[Board "66"]

1. d4 d5 2. c4 e6 3. Nf3 h6 4. Nc3 Nf6 5. Bf4 Bd6 6. Bg3 Bxg3 7. hxg3 Nbd7 8. e3 O-O 9. Qc2 c6 10. Rd1 Qe7 11. Bd3 dxc4 12. Bxc4 e5 13. O-O exd4 14. exd4 Nb6 15. Rfe1 Qd6 16. Bb3 Nbd5 17. Ne5 Be6 18. Qd2 Rfe8 19. Bc2 Rad8 20. Bb1 a6 21. Qc2 Qc7 22. Nxd5 Bxd5 23. Ng4 Ne4 24. f3 f5 25. Ne3 Nxg3 26. Nxf5 Nh5 27. Ne3 Nf6 28. Ng4 Qf7 29. Ne5 Qh5 30. Qf2 Qg5 31. Re3 Nh5 32. Rde1 Rf8 33. Qc2 Nf4 34. Qh7# 1-0


[Site "https://www.chess.com"]

[Event "Titled Tuesday Blitz August 08 Early 2023"]
[White "Thecourseoisildur"]
[Black "Lacasa Diaz, Jose Antonio"]
[BlackFideId "2203375"]
[WhiteElo "2603"]
[BlackElo "2406"]
[Result "1-0"]
[Round "9"]
[TimeControl "180+1"]
[Date "2023.08.08"]
[WhiteClock "0:01:51"]
[BlackClock "0:00:12"]
[Board "67"]

1. d4 d5 2. c4 e6 3. Nf3 c5 4. g3 cxd4 5. Nxd4 e5 6. Nf3 d4 7. Bg2 Nc6 8. O-O Nf6 9. e3 d3 10. e4 Bg4 11. Nc3 Bc5 12. Bg5 Qd7 13. Bxf6 gxf6 14. Nd5 O-O-O 15. Qxd3 Bh3 16. Rfd1 Bxg2 17. Kxg2 Qe6 18. Qb3 f5 19. exf5 Qxf5 20. Qb5 Bxf2 21. Qxc6+ bxc6 22. Ne7+ Kc7 23. Nxf5 1-0


[Site "https://www.chess.com"]

[Event "Titled Tuesday Blitz August 08 Early 2023"]
[White "Liyanage, Ranindu Dilshan"]
[Black "GaiozNigalidze"]
[WhiteFideId "9915834"]
[WhiteElo "2599"]
[BlackElo "2387"]
[Result "1-0"]
[Round "9"]
[TimeControl "180+1"]
[Date "2023.08.08"]
[WhiteClock "0:00:09"]
[BlackClock "0:00:06"]
[Board "68"]

1. d4 Nf6 2. Bf4 d5 3. e3 e6 4. Nf3 c5 5. Nbd2 Nc6 6. c3 cxd4 7. exd4 Nh5 8. Be3 Bd6 9. Ne5 Nf6 10. Nd3 Bd7 11. g3 Qb6 12. Bg2 h6 13. O-O Qc7 14. Rc1 Ne7 15. c4 dxc4 16. Nxc4 Bc6 17. Nce5 O-O 18. Bxc6 bxc6 19. Qf3 Bxe5 20. Nxe5 Ned5 21. Rxc6 Qb7 22. b3 a5 23. Rc4 Qe7 24. Rfc1 Qa3 25. R4c2 Nb4 26. Nc4 Nxc2 27. Nxa3 Nxa3 28. Qe2 Nd5 29. Rc5 Rfc8 30. Bc1 Nb1 31. Bb2 Nbc3 32. Qc4 Rxc5 33. dxc5 Nxa2 34. Qg4 g5 35. Qd4 f6 36. Qe4 Kf7 37. Qh7+ Ke8 38. c6 Ne7 39. Qh8+ Kf7 40. Qxa8 Nxc6 41. Qxc6 1-0


[Site "https://www.chess.com"]

[Event "Titled Tuesday Blitz August 08 Early 2023"]
[White "Aslanov, Umid"]
[Black "Molina, Roberto Junio Brito"]
[WhiteFideId "13412620"]
[BlackFideId "2109450"]
[WhiteElo "2594"]
[BlackElo "2830"]
[Result "1-0"]
[Round "9"]
[TimeControl "180+1"]
[Date "2023.08.08"]
[WhiteClock "0:00:12"]
[BlackClock "0:00:00"]
[Board "69"]

1. e4 c6 2. d4 d5 3. Nd2 dxe4 4. Nxe4 Nd7 5. Nf3 Ngf6 6. Nxf6+ Nxf6 7. c3 Bg4 8. Be2 e6 9. Bf4 Bd6 10. Ne5 Bxe2 11. Qxe2 O-O 12. O-O Qc7 13. Rad1 Rfe8 14. Rfe1 Nd7 15. Bg3 Rad8 16. Nxd7 Qxd7 17. c4 Bxg3 18. hxg3 h6 19. a3 b5 20. b3 bxc4 21. bxc4 Rb8 22. Qe5 Red8 23. Re4 Qd6 24. Qa5 c5 25. d5 Qb6 26. Qe1 exd5 27. cxd5 Qb3 28. d6 Qb5 29. d7 Qc6 30. Re7 c4 31. Qe5 c3 32. Rc1 c2 33. Qf5 Qc4 34. Rxc2 Qb3 35. Rce2 Rf8 36. Re8 Qd1+ 37. Kh2 Qd6 38. Rxb8 Qxb8 39. Qc5 Qd8 40. Qxa7 1-0


[Site "https://www.chess.com"]

[Event "Titled Tuesday Blitz August 08 Early 2023"]
[White "Borgaonkar Akshay"]
[Black "Kosteniuk, Alexandra"]
[WhiteFideId "25639110"]
[BlackFideId "4128125"]
[WhiteElo "2587"]
[BlackElo "2751"]
[Result "1/2-1/2"]
[Round "9"]
[TimeControl "180+1"]
[Date "2023.08.08"]
[WhiteClock "0:00:07"]
[BlackClock "0:00:04"]
[Board "70"]

1. e4 c6 2. d4 d5 3. e5 c5 4. dxc5 e6 5. Nf3 Bxc5 6. Bd3 Ne7 7. a3 Ng6 8. b4 Be7 9. Bb2 O-O 10. g3 Nc6 11. h4 f6 12. Bxg6 hxg6 13. h5 gxh5 14. Rxh5 Qe8 15. Rh1 fxe5 16. Nxe5 Nxe5 17. Bxe5 Qf7 18. Qe2 b6 19. Nd2 Bf6 20. Nf3 Qg6 21. O-O-O Bd7 22. Bxf6 gxf6 23. Rd4 Kg7 24. Nh4 Qh6+ 25. Kb1 Kf7 26. Qf3 Rh8 27. Kb2 Rac8 28. Rdd1 Qg5 29. Qd3 Ba4 30. f4 Qg7 31. Rd2 f5+ 32. c3 Rc4 33. Rc1 Bb5 34. Qe3 Qf6 35. Nf3 Ke7 36. Ne5 Re4 37. Qg1 Rxe5 38. fxe5 Qxe5 39. Qd4 Qxd4 40. cxd4 Kd6 41. a4 Bc4 42. Rg2 Rg8 43. Rh1 f4 44. Rhg1 f3 45. Rf2 Be2 46. g4 Rg5 47. Kc3 e5 48. dxe5+ Kxe5 49. Kd2 Ke4 50. Rg3 d4 51. Rg1 d3 52. Rc1 Kd4 53. Rc7 Rxg4 54. Rd7+ Kc4 55. Rxa7 Rg1 56. Rb7 Rd1+ 57. Ke3 Kxb4 58. Rxb6+ Kxa4 59. Rd6 Kb3 60. Rb6+ Kc4 61. Rc6+ Kd5 62. Rc8 Rh1 63. Rd8+ Ke6 64. Rxd3 Bxd3 65. Kxd3 Rh3 66. Ke3 Ke5 67. Rxf3 Rxf3+ 68. Kxf3 1/2-1/2


[Site "https://www.chess.com"]

[Event "Titled Tuesday Blitz August 08 Early 2023"]
[White "Hulka, Valentyn"]
[Black "Deng, Henry"]
[WhiteFideId "34107061"]
[BlackFideId "30965454"]
[WhiteElo "2713"]
[BlackElo "2561"]
[Result "0-1"]
[Round "9"]
[TimeControl "180+1"]
[Date "2023.08.08"]
[WhiteClock "0:00:02"]
[BlackClock "0:00:15"]
[Board "71"]

1. c4 c6 2. d4 d5 3. Nf3 Nf6 4. Nc3 e6 5. Qd3 dxc4 6. Qxc4 b5 7. Qd3 a6 8. g4 c5 9. g5 c4 10. Qe3 Nd5 11. Nxd5 Qxd5 12. Bg2 Bb7 13. O-O Be7 14. b3 cxb3 15. axb3 O-O 16. Bb2 Nc6 17. Ne5 Qd6 18. Ba3 b4 19. Nxc6 Bxc6 20. Bxb4 Qxb4 21. Bxc6 Ra7 22. Rfc1 Rd8 23. Rc4 Qb6 24. Be4 g6 25. h4 Rad7 26. Raa4 a5 27. Qd3 Rb8 28. e3 Bb4 29. Bf3 Be1 30. Ra1 Bb4 31. Rac1 Ba3 32. Rc8+ Rd8 33. Rxd8+ Rxd8 34. Rc6 Qb4 35. Rc7 Qe1+ 36. Kg2 Bd6 37. Rb7 Rc8 38. Qb5 Rf8 39. Qd7 Bb4 40. d5 e5 41. d6 Qd2 42. Rb6 Bc5 43. Rc6 Bxe3 44. Qg4 Qxf2+ 45. Kh3 Bf4 46. Qg2 Qe3 47. d7 Qd4 48. Qg4 Qd2 49. Qg2 Qd3 50. Rc7 e4 51. Kg4 exf3 52. Qxf3 Qxf3+ 53. Kxf3 Bxc7 0-1


[Site "https://www.chess.com"]

[Event "Titled Tuesday Blitz August 08 Early 2023"]
[White "jumpingknight20"]
[Black "Santos Flores, Alberto"]
[BlackFideId "3601234"]
[WhiteElo "2689"]
[BlackElo "2564"]
[Result "1-0"]
[Round "9"]
[TimeControl "180+1"]
[Date "2023.08.08"]
[WhiteClock "0:00:54"]
[BlackClock "0:00:59"]
[Board "72"]

1. e4 e6 2. d4 d5 3. Nd2 c5 4. exd5 Qxd5 5. Ngf3 cxd4 6. Bc4 Qd6 7. O-O Nf6 8. Nb3 Nc6 9. Nbxd4 Nxd4 10. Nxd4 a6 11. c3 Qc7 12. Bb3 Bd7 13. Re1 O-O-O 14. Qf3 Bd6 15. h3 Kb8 16. Bg5 Qc5 17. Be3 Qe5 18. g3 Qe4 19. Bf4 Qxf3 20. Bxd6+ Kc8 21. Nxf3 Bc6 22. Ne5 Rxd6 23. Nxf7 Rhd8 24. Nxd8 Kxd8 25. Rxe6 Rd2 26. Rd1 Rxd1+ 27. Bxd1 Bd5 28. Re2 Bxa2 29. b3 Bb1 30. Bc2 Bxc2 31. Rxc2 Ke7 32. Re2+ Kd6 33. Kf1 b5 34. Ke1 a5 35. Kd2 Kc5 36. Kd3 Nd5 37. Re5 Kd6 38. Rg5 g6 39. c4 bxc4+ 40. bxc4 Nb4+ 41. Kc3 Nc6 42. Rd5+ Kc7 43. Kb3 Kb6 44. Ka4 Ka6 45. c5 Nb4 46. Rd6+ Kb7 47. Kxa5 Nc2 48. Kb5 Na3+ 49. Kb4 Nc2+ 50. Kb3 Ne1 51. Kc4 Nf3 52. Kd5 Kc7 53. Rf6 Ng5 54. h4 Nh3 55. Rf7+ Kc8 56. Kc6 1-0


[Site "https://www.chess.com"]

[Event "Titled Tuesday Blitz August 08 Early 2023"]
[White "Matinian, Nikita"]
[Black "Veiga, Jose Francisco R P Neves"]
[WhiteFideId "24129100"]
[BlackFideId "1930087"]
[WhiteElo "2674"]
[BlackElo "2556"]
[Result "1-0"]
[Round "9"]
[TimeControl "180+1"]
[Date "2023.08.08"]
[WhiteClock "0:01:43"]
[BlackClock "0:00:00"]
[Board "73"]

1. e4 e5 2. Nf3 Nc6 3. Bb5 a6 4. Ba4 Nf6 5. O-O Be7 6. d3 d6 7. c4 O-O 8. Nc3 Bg4 9. Be3 Nd4 10. Bxd4 exd4 11. Ne2 Bxf3 12. gxf3 c5 13. f4 Nh5 14. f5 g6 15. Ng3 Nf4 16. Qf3 Bg5 17. Bc2 Bh6 18. Kh1 Qh4 19. a3 f6 20. b4 Rab8 21. bxc5 dxc5 22. Rab1 g5 23. Rb6 g4 24. Qd1 Qh3 25. Rg1 Bg5 26. Qf1 Qh4 27. Bd1 h5 28. e5 fxe5 29. Nxh5 Qxh5 30. Rxg4 Rxf5 31. Rxf4 Qf7 32. Rg4 Kh8 33. Qh3+ Kg8 34. Rh6 1-0


[Site "https://www.chess.com"]

[Event "Titled Tuesday Blitz August 08 Early 2023"]
[White "Petrosian, Karlen"]
[Black "Moral Garcia, Serafin"]
[WhiteFideId "4176146"]
[BlackFideId "2201925"]
[WhiteElo "2661"]
[BlackElo "2549"]
[Result "1-0"]
[Round "9"]
[TimeControl "180+1"]
[Date "2023.08.08"]
[WhiteClock "0:01:00"]
[BlackClock "0:00:09"]
[Board "74"]

1. e4 e5 2. Nc3 Nf6 3. Bc4 Nxe4 4. Qh5 Nd6 5. Qxe5+ Qe7 6. Qxe7+ Bxe7 7. Bb3 c6 8. d4 Nf5 9. d5 d6 10. Nf3 O-O 11. Bf4 h5 12. O-O-O c5 13. Rhe1 Bf6 14. Nb5 Bd7 15. Nxd6 Nxd6 16. Bxd6 Rc8 17. c4 Bg4 18. h3 Bxf3 19. gxf3 Nd7 20. Bc2 Rd8 21. b3 Re8 22. Bf5 Ne5 23. f4 Nf3 24. Rxe8+ Rxe8 25. Bxc5 b6 26. Be3 Nh4 27. Bd7 Rd8 28. Bc6 Ng2 29. d6 Nxe3 30. fxe3 Kf8 31. Kc2 a5 32. a3 Bh4 33. b4 axb4 34. axb4 Bf6 35. Kb3 Rc8 36. Bf3 g6 37. d7 Rb8 38. Ka4 Ke7 39. Kb5 Bc3 40. Rd3 Be1 41. Bc6 h4 42. e4 Kd8 43. f5 gxf5 44. exf5 Ke7 45. Re3+ 1-0


[Site "https://www.chess.com"]

[Event "Titled Tuesday Blitz August 08 Early 2023"]
[White "Goroshkov, Maksym"]
[Black "Palczert, Matyas"]
[WhiteFideId "14142716"]
[BlackFideId "784958"]
[WhiteElo "2655"]
[BlackElo "2526"]
[Result "1-0"]
[Round "9"]
[TimeControl "180+1"]
[Date "2023.08.08"]
[WhiteClock "0:01:06"]
[BlackClock "0:00:00"]
[Board "75"]

1. e4 c5 2. b4 cxb4 3. a3 e5 4. axb4 Nf6 5. Nf3 d5 6. exd5 e4 7. Nd4 Nxd5 8. c3 Be7 9. Bb5+ Bd7 10. Bc4 Nf6 11. O-O Nc6 12. Nxc6 Bxc6 13. Qb3 O-O 14. Ba3 b5 15. Be2 Bd6 16. c4 bxc4 17. Qxc4 Bd5 18. Qd4 Qc7 19. Nc3 Bxh2+ 20. Kh1 Qf4 21. Qe3 Qh4 22. Qh3 Qxh3 23. gxh3 Be5 24. Rad1 Bb7 25. f3 Rac8 26. Nxe4 Nxe4 27. fxe4 Bxe4+ 28. Bf3 Bd3 29. Rfe1 Bd4 30. b5 Rfe8 31. Bc6 Re6 32. Rxe6 fxe6 33. Bd7 Rc2 34. Bxe6+ Kh8 35. Bb3 Rc8 36. Re1 Rd8 37. Be7 Re8 38. Bf7 Rc8 39. Be6 Re8 40. Bd7 Rb8 41. Bd6 Rd8 42. Bc6 Rf8 43. Bxf8 1-0


[Site "https://www.chess.com"]

[Event "Titled Tuesday Blitz August 08 Early 2023"]
[White "Sagita, Catur Adi"]
[Black "Glavina, Pablo"]
[WhiteFideId "7104618"]
[BlackFideId "100234"]
[WhiteElo "2654"]
[BlackElo "2522"]
[Result "1-0"]
[Round "9"]
[TimeControl "180+1"]
[Date "2023.08.08"]
[WhiteClock "0:01:08"]
[BlackClock "0:01:00"]
[Board "76"]

1. d4 Nf6 2. c4 e6 3. Nf3 b6 4. g3 c6 5. Bg2 d5 6. O-O Be7 7. Nc3 Ba6 8. cxd5 cxd5 9. Bf4 O-O 10. Rc1 Nc6 11. Ne5 Nxe5 12. Bxe5 Nd7 13. Bf4 b5 14. a3 Nb6 15. Re1 b4 16. axb4 Bxb4 17. e4 dxe4 18. Bxe4 Rc8 19. Qh5 g6 20. Qh6 Bd6 21. Bg5 Be7 22. Bxe7 Qxe7 23. d5 Bc4 24. Bg2 Qf6 25. Ne4 Qg7 26. Qh4 Nxd5 27. Nd6 Qxb2 28. Nxc8 Rxc8 29. Rxc4 1-0


[Site "https://www.chess.com"]

[Event "Titled Tuesday Blitz August 08 Early 2023"]
[White "Shubenkova, Veronika"]
[Black "Zeynalli, Rashad"]
[WhiteFideId "44124040"]
[BlackFideId "13403320"]
[WhiteElo "2523"]
[BlackElo "2647"]
[Result "0-1"]
[Round "9"]
[TimeControl "180+1"]
[Date "2023.08.08"]
[WhiteClock "0:00:41"]
[BlackClock "0:01:21"]
[Board "77"]

1. c4 e6 2. Nc3 d5 3. cxd5 exd5 4. d4 Be7 5. Nf3 c6 6. e3 Bf5 7. Bd3 Bxd3 8. Qxd3 Nd7 9. O-O Ngf6 10. a3 a5 11. e4 dxe4 12. Nxe4 O-O 13. b3 Re8 14. Ng3 Nc5 15. Qc2 Ne6 16. Nf5 Bf8 17. Bb2 Qd5 18. Rae1 Nf4 19. Re5 Qd7 20. Rfe1 Ng4 21. R5e4 Qxf5 22. Nh4 Qd7 23. Qd1 Ng6 24. Nxg6 hxg6 25. Bc3 Nf6 26. Rxe8 Rxe8 27. Rxe8 Qxe8 28. Bxa5 Bxa3 29. h3 Qe7 30. Qd2 Nd5 0-1


[Site "https://www.chess.com"]

[Event "Titled Tuesday Blitz August 08 Early 2023"]
[White "reevecanada"]
[Black "Weishaeutel, Moritz"]
[BlackFideId "12967300"]
[WhiteElo "2524"]
[BlackElo "2645"]
[Result "1/2-1/2"]
[Round "9"]
[TimeControl "180+1"]
[Date "2023.08.08"]
[WhiteClock "0:00:31"]
[BlackClock "0:01:16"]
[Board "78"]

1. e4 e5 2. Nf3 Nf6 3. Nxe5 Nxe4 4. Qe2 Qe7 5. Qxe4 d6 6. d4 dxe5 7. dxe5 Nc6 8. Bb5 Bd7 9. Bf4 O-O-O 10. Nc3 Qb4 11. Bxc6 Bxc6 12. Qxb4 Bxb4 13. O-O Bxc3 14. bxc3 Rd5 15. Rfd1 Rhd8 16. Rxd5 Rxd5 17. Rb1 Ba4 18. f3 Bxc2 19. Rb2 Bf5 20. Kf2 Kd7 21. Rd2 Kc6 22. Rxd5 Kxd5 23. Ke3 Kc4 24. Kd2 Bb1 25. a4 Kb3 26. a5 Ka4 27. e6 fxe6 28. Bxc7 Kb3 29. h4 Bg6 30. g4 Be8 31. Be5 g6 32. Bd4 Ka4 33. Bxa7 Kxa5 34. Ke3 Kb5 35. Kf4 Kc4 36. Bd4 b5 37. Bf6 Bc6 38. Ke3 Kd5 39. f4 h5 40. f5 exf5 41. gxh5 gxh5 42. Kf4 Ke6 43. Bd4 Bd5 44. Kg5 Bf3 45. Bg7 Kd5 46. Kxf5 Kc4 47. Kg5 Be2 48. Bh8 Bd1 49. Bg7 Be2 50. Bh8 Bg4 51. Bg7 Be2 1/2-1/2


[Site "https://www.chess.com"]

[Event "Titled Tuesday Blitz August 08 Early 2023"]
[White "Mazurkiewicz, Michal"]
[Black "Komov, Roman"]
[WhiteFideId "1124943"]
[BlackFideId "24175714"]
[WhiteElo "2400"]
[BlackElo "2621"]
[Result "0-1"]
[Round "9"]
[TimeControl "180+1"]
[Date "2023.08.08"]
[WhiteClock "0:00:03"]
[BlackClock "0:00:22"]
[Board "79"]

1. e4 c5 2. Nf3 d6 3. g3 Nc6 4. Bg2 g6 5. O-O Bg7 6. d3 Rb8 7. a4 a6 8. Re1 b5 9. axb5 axb5 10. c3 b4 11. d4 bxc3 12. bxc3 cxd4 13. cxd4 Bg4 14. Be3 Nf6 15. Nc3 O-O 16. h3 Bxf3 17. Bxf3 Rc8 18. Nb5 Nd7 19. Qd2 Nb6 20. Rec1 d5 21. e5 Nc4 22. Qe2 e6 23. Rxc4 dxc4 24. Nd6 Rc7 25. Nb5 Rc8 26. Nd6 Nxe5 27. dxe5 Bxe5 28. Rd1 Bxd6 29. Bf4 e5 30. Bxe5 Re8 31. Rxd6 Qxd6 32. Bxd6 Rxe2 33. Bxe2 c3 34. Bf4 c2 35. Bc1 Rd8 36. Kg2 Rd1 37. Be3 Re1 38. Kf3 c1=Q 39. Bxc1 Rxc1 40. h4 Kg7 41. h5 g5 42. Ke3 h6 43. f4 Kf6 44. fxg5+ Kxg5 45. Bf3 Rc3+ 46. Kf2 f5 47. Kg2 Rc2+ 48. Kh3 Rf2 49. Bd1 Kf6 50. Kh4 Rh2# 0-1


[Site "https://www.chess.com"]